General information
- name: BNet
- type: Ladder team game (AT/RT)
- host: Battle.net
- saver: sc2no.wc4yes
map: Cherryville
- players: 8
- length: 27:42
- speed: Fast
- version: 1.24 W3XP
- replay type: Public
» download(180 KB)
Players
team 1 (winner)
GodMCMeJHova (
purple | 45 APM | 1253 actions | 27:42)
5 Mountain King
3 Storm Bolt
2 Bash
1 Paladin
1 Holy Light
» actions
| Assign group hotkey | 22 | |
| Basic commands | 1 | |
| Build / train | 85 | |
| Enter build submenu | 49 | |
| Enter hero's abilities submenu | 6 | |
| Give item / drop item | 1 | |
| Right click | 428 | |
| Select / deselect | 311 | |
| Select group hotkey | 263 | |
| Use ability | 87 | |
1253 total
» units
| Peasant | 16 | |
| Footman | 7 | |
| Flying Machine | 5 | |
| Siege Engine | 7 | |
| Sorceress | 2 | |
| Priest | 4 | |
41 total
» upgrades
| Defend | 1 | |
| Lumber Harvesting | 1 | |
| Gunpowder | 2 | |
| Magic Sentry | 1 | |
| Sorceress Training | 1 | |
| Barrage | 1 | |
| Masonry | 1 | |
| Priest Training | 1 | |
9 total
» buildings
| Altar of Kings | 1 | |
| Barracks | 1 | |
| Farm | 14 | |
| Lumber Mill | 1 | |
| Scout Tower | 22 | |
| Arcane Tower | 5 | |
| Town Hall | 3 | |
| Keep | 3 | |
| Guard Tower | 8 | |
| Blacksmith | 1 | |
| Arcane Vault | 1 | |
| Arcane Sanctum | 2 | |
| Workshop | 2 | |
| Castle | 2 | |
| Cannon Tower | 3 | |
69 total
» build order
00:54 Altar of Kings
01:09 Barracks
01:24 Farm
01:41 Farm
01:56 Lumber Mill
02:05 Farm
02:49 Farm
03:29 Scout Tower
03:35 Scout Tower
03:40 Farm
03:44 Farm
04:10 Arcane Tower
05:18 Town Hall
05:21 Scout Tower
05:22 Scout Tower
05:51 Arcane Tower
05:55 Scout Tower
05:57 Scout Tower
06:10 Keep
06:23 Guard Tower
06:25 Guard Tower
06:30 Scout Tower
07:08 Guard Tower
07:27 Blacksmith
07:45 Scout Tower
07:56 Arcane Vault
08:17 Scout Tower
08:18 Guard Tower
08:40 Arcane Sanctum
08:47 Workshop
08:52 Guard Tower
08:56 Scout Tower
09:12 Farm
09:13 Castle
09:47 Guard Tower
09:49 Scout Tower
10:00 Scout Tower
11:13 Guard Tower
11:32 Arcane Sanctum
11:36 Workshop
12:09 Arcane Tower
12:14 Scout Tower
14:30 Farm
14:30 Farm
14:31 Farm
14:35 Town Hall
17:23 Arcane Tower
17:27 Scout Tower
17:54 Farm
17:54 Farm
17:56 Farm
18:00 Keep
18:00 Keep
18:03 Arcane Tower
18:34 Farm
19:27 Scout Tower
20:41 Cannon Tower
24:08 Scout Tower
24:10 Scout Tower
24:11 Scout Tower
24:55 Castle
25:46 Scout Tower
25:52 Cannon Tower
25:55 Scout Tower
25:55 Scout Tower
25:56 Scout Tower
26:16 Cannon Tower
26:27 Guard Tower
26:30 Town Hall
» items
| Scroll of Regeneration | 3 | |
| Lesser Clarity Potion | 3 | |
6 total

»
sc2no.wc4yes (
green | 71 APM | 1978 actions | 27:42)
8 Blood Mage
3 Flame Strike
3 Siphon Mana
1 Summon Phoenix
1 Banish
» actions
| Assign group hotkey | 91 | |
| Basic commands | 61 | |
| Build / train | 100 | |
| ESC pressed | 7 | |
| Enter build submenu | 43 | |
| Enter hero's abilities submenu | 8 | |
| Give item / drop item | 1 | |
| Right click | 608 | |
| Select / deselect | 252 | |
| Select group hotkey | 622 | |
| Use ability | 185 | |
1978 total
» units
| Peasant | 21 | |
| Goblin Shredder | 1 | |
| Gryphon Rider | 3 | |
| Dragonhawk Rider | 11 | |
36 total
» upgrades
| Masonry | 3 | |
| Cloud | 1 | |
| Storm Hammers | 1 | |
| Armor | 3 | |
| Swords | 4 | |
| Animal War Training | 1 | |
| Magic Sentry | 1 | |
14 total
» buildings
| Altar of Kings | 1 | |
| Farm | 9 | |
| Lumber Mill | 1 | |
| Scout Tower | 22 | |
| Arcane Tower | 5 | |
| Keep | 1 | |
| Guard Tower | 9 | |
| Castle | 3 | |
| Arcane Vault | 1 | |
| Gryphon Aviary | 3 | |
| Blacksmith | 1 | |
| Barracks | 1 | |
| Arcane Sanctum | 1 | |
| Town Hall | 1 | |
59 total
» build order
00:09 Altar of Kings
00:15 Farm
00:49 Farm
01:27 Lumber Mill
01:32 Scout Tower
01:59 Arcane Tower
02:06 Scout Tower
02:41 Arcane Tower
02:41 Arcane Tower
03:23 Keep
04:16 Scout Tower
04:39 Scout Tower
04:40 Scout Tower
04:43 Scout Tower
05:02 Guard Tower
05:46 Castle
05:46 Castle
05:59 Arcane Vault
06:02 Scout Tower
06:05 Scout Tower
06:11 Scout Tower
06:11 Scout Tower
07:27 Guard Tower
07:57 Gryphon Aviary
07:58 Gryphon Aviary
08:00 Gryphon Aviary
08:01 Blacksmith
08:03 Barracks
08:27 Farm
08:28 Farm
08:28 Farm
08:28 Farm
10:01 Guard Tower
10:15 Scout Tower
11:32 Guard Tower
15:09 Farm
15:09 Farm
15:20 Arcane Tower
15:21 Guard Tower
17:15 Scout Tower
17:15 Scout Tower
17:47 Guard Tower
17:47 Guard Tower
17:47 Guard Tower
20:49 Scout Tower
20:49 Scout Tower
20:50 Scout Tower
20:50 Scout Tower
20:52 Arcane Sanctum
20:54 Scout Tower
20:54 Scout Tower
20:54 Scout Tower
21:51 Guard Tower
23:40 Scout Tower
24:01 Arcane Tower
24:04 Town Hall
26:45 Scout Tower
» items
| Boots of Speed | 1 | |
| Staff of Teleportation | 1 | |
| Healing Salve | 2 | |
| Lesser Clarity Potion | 3 | |
| Ivory Tower | 6 | |
| Scroll of Town Portal | 1 | |
| Potion of Invisibility | 2 | |
| Tiny Great Hall | 1 | |
| Scroll of Speed | 1 | |
| Scroll of Regeneration | 1 | |
| Staff of Sanctuary | 2 | |
21 total
HydroBUDD (
orange | 47 APM | 1295 actions | 27:41)
5 Far Seer
3 Feral Spirit
2 Chain Lighting
4 Tauren Chieftain
2 Endurance Aura
2 Shockwave
» actions
| Assign group hotkey | 31 | |
| Basic commands | 79 | |
| Build / train | 74 | |
| Enter build submenu | 17 | |
| Enter hero's abilities submenu | 9 | |
| Remove unit from queue | 3 | |
| Right click | 314 | |
| Select / deselect | 322 | |
| Select group hotkey | 356 | |
| Use ability | 89 | |
1295 total
» units
| Peon | 7 | |
| Grunt | 21 | |
| Troll Witch Doctor | 10 | |
| Shaman | 6 | |
44 total
» upgrades
| Berserker Strength | 1 | |
| Witch Doctor Training | 2 | |
| Shaman Training | 2 | |
| Pillage | 1 | |
| Melee Weapons | 2 | |
| Armor | 3 | |
11 total
» buildings
| Altar of Storms | 1 | |
| Orc Burrow | 6 | |
| Barracks | 1 | |
| Voodoo Lounge | 1 | |
| Stronghold | 1 | |
| War Mill | 1 | |
| Spirit Lodge | 2 | |
| Fortress | 1 | |
| Watch Tower | 4 | |
18 total
» build order
00:10 Altar of Storms
00:13 Orc Burrow
00:39 Barracks
01:40 Orc Burrow
02:49 Voodoo Lounge
03:28 Stronghold
03:46 Orc Burrow
05:05 Orc Burrow
05:45 War Mill
06:22 Spirit Lodge
06:24 Fortress
07:46 Spirit Lodge
12:33 Orc Burrow
12:59 Watch Tower
13:04 Watch Tower
13:19 Watch Tower
13:30 Watch Tower
16:40 Orc Burrow
» items
| Healing Salve | 1 | |
| Scroll of Town Portal | 2 | |
3 total
Xtian (
yellow | 62 APM | 1706 actions | 27:42)
4 Warden
2 Shadow Strike
1 Blink
1 Fan of Knives
4 Priestess of the Moon
2 Trueshot Aura
2 Searing Arrows
2 Keeper of the Grove
1 Entangling Roots
1 Thorns Aura
» actions
| Assign group hotkey | 40 | |
| Build / train | 97 | |
| ESC pressed | 1 | |
| Enter build submenu | 26 | |
| Enter hero's abilities submenu | 10 | |
| Give item / drop item | 1 | |
| Remove unit from queue | 1 | |
| Right click | 658 | |
| Select / deselect | 379 | |
| Select group hotkey | 429 | |
| Use ability | 64 | |
1706 total
» units
| Wisp | 22 | |
| Archer | 10 | |
| Huntress | 2 | |
| Hippogryph | 6 | |
| Druid of the Talon | 6 | |
| Faerie Dragon | 2 | |
| Dryad | 4 | |
| Druid of the Claw | 2 | |
| Mountain Giant | 1 | |
55 total
» upgrades
| Improved Bows | 1 | |
| Strength of the Moon | 3 | |
| Hippogryph Taming | 1 | |
| Moon Armor | 3 | |
| Druid of the Talon Training | 2 | |
| Abolish Magic | 1 | |
| Strength of the Wild | 3 | |
| Druid of the Claw Training | 2 | |
| Marksmanship | 1 | |
| Hardened Skin | 1 | |
| Resistant Skin | 1 | |
| Mark of the Talon | 1 | |
| Reinforced Hides | 2 | |
22 total
» buildings
| Altar of Elders | 1 | |
| Moon Well | 8 | |
| Ancient of War | 1 | |
| Tree of Ages | 1 | |
| Hunter's Hall | 1 | |
| Ancient of Wonders | 1 | |
| Ancient of Wind | 1 | |
| Tree of Life | 1 | |
| Ancient of Lore | 1 | |
| Ancient Protector | 3 | |
| Tree of Eternity | 1 | |
20 total
» build order
00:15 Altar of Elders
00:33 Moon Well
00:39 Moon Well
01:48 Ancient of War
02:05 Moon Well
02:41 Tree of Ages
03:11 Moon Well
03:56 Hunter's Hall
04:17 Ancient of Wonders
05:39 Ancient of Wind
06:37 Tree of Life
07:12 Moon Well
10:51 Ancient of Lore
12:38 Ancient Protector
13:41 Ancient Protector
13:46 Ancient Protector
14:22 Tree of Eternity
17:44 Moon Well
18:45 Moon Well
19:42 Moon Well
» items
| Scroll of Town Portal | 2 | |
| Dust of Appearance | 1 | |
| Orb of Venom | 1 | |
4 total
team 2 (loser)
STFU.I.HATE.YOU (
red | 59 APM | 1378 actions | 23:12)
5 Death Knight
3 Death Coil
1 Unholy Aura
1 Death Pact
4 Lich
2 Frost Nova
2 Frost Armor
3 Crypt Lord
2 Impale
1 Spiked Carapace
» actions
| Assign group hotkey | 15 | |
| Basic commands | 2 | |
| Build / train | 82 | |
| Enter build submenu | 19 | |
| Enter hero's abilities submenu | 12 | |
| Give item / drop item | 4 | |
| Right click | 731 | |
| Select / deselect | 336 | |
| Select group hotkey | 84 | |
| Use ability | 93 | |
1378 total
» units
| Acolyte | 20 | |
| Ghoul | 4 | |
| Crypt Fiend | 7 | |
| Frost Wyrm | 4 | |
35 total
» upgrades
| Web | 1 | |
| Burrow | 1 | |
| Creature Attack | 2 | |
| Creature Carapace | 2 | |
| Freezing Breath | 1 | |
7 total
» buildings
| Graveyard | 1 | |
| Crypt | 1 | |
| Altar of Darkness | 1 | |
| Ziggurat | 9 | |
| Tomb of Relics | 2 | |
| Nerubian Tower | 2 | |
| Halls of the Dead | 1 | |
| Necropolis | 1 | |
| Spirit Tower | 6 | |
| Black Citadel | 1 | |
| Sacrificial Pit | 1 | |
| Boneyard | 2 | |
28 total
» build order
00:15 Graveyard
00:22 Crypt
00:46 Altar of Darkness
01:01 Ziggurat
01:50 Tomb of Relics
02:00 Tomb of Relics
02:18 Ziggurat
02:56 Nerubian Tower
05:13 Halls of the Dead
05:44 Necropolis
06:02 Ziggurat
06:10 Ziggurat
07:00 Ziggurat
07:03 Spirit Tower
08:07 Nerubian Tower
08:10 Ziggurat
08:47 Black Citadel
10:06 Sacrificial Pit
10:08 Ziggurat
11:01 Spirit Tower
12:11 Ziggurat
12:43 Spirit Tower
12:45 Spirit Tower
13:26 Spirit Tower
13:32 Ziggurat
13:38 Spirit Tower
14:12 Boneyard
14:14 Boneyard
» items
| Rod of Necromancy | 2 | |
| Sacrificial Skull | 1 | |
| Healing Salve | 1 | |
| Potion of Healing | 2 | |
| Boots of Speed | 1 | |
| Circlet of Nobility | 1 | |
| Periapt of Vitality | 1 | |
| Potion of Lesser Invulnerability | 1 | |
| Orb of Corruption | 1 | |
| Scroll of Town Portal | 2 | |
| Potion of Mana | 2 | |
15 total

»
spike_ (
pink | 34 APM | 573 actions | 16:41)
3 Mountain King
2 Storm Bolt
1 Bash
» actions
| Basic commands | 3 | |
| Build / train | 65 | |
| Enter build submenu | 21 | |
| Enter hero's abilities submenu | 3 | |
| Remove unit from queue | 5 | |
| Right click | 240 | |
| Select / deselect | 182 | |
| Use ability | 54 | |
573 total
» units
| Peasant | 22 | |
| Footman | 13 | |
| Dragonhawk Rider | 2 | |
37 total
» upgrades
| Swords | 2 | |
| Armor | 1 | |
| Lumber Harvesting | 2 | |
| Storm Hammers | 1 | |
| Cloud | 1 | |
7 total
» buildings
| Altar of Kings | 1 | |
| Farm | 17 | |
| Barracks | 1 | |
| Lumber Mill | 1 | |
| Blacksmith | 1 | |
| Scout Tower | 13 | |
| Guard Tower | 6 | |
| Town Hall | 1 | |
| Keep | 1 | |
| Arcane Vault | 1 | |
| Castle | 1 | |
| Gryphon Aviary | 2 | |
46 total
» build order
00:15 Altar of Kings
00:21 Farm
00:28 Barracks
00:57 Lumber Mill
01:11 Farm
01:55 Farm
02:50 Blacksmith
02:59 Scout Tower
03:42 Farm
03:43 Farm
03:44 Farm
03:48 Guard Tower
03:58 Farm
03:59 Farm
04:47 Town Hall
05:42 Scout Tower
05:45 Scout Tower
05:47 Scout Tower
05:48 Scout Tower
05:49 Scout Tower
05:51 Scout Tower
05:55 Scout Tower
05:56 Scout Tower
06:12 Keep
06:33 Guard Tower
07:18 Guard Tower
07:38 Scout Tower
07:39 Scout Tower
07:41 Scout Tower
07:43 Scout Tower
08:14 Guard Tower
08:32 Guard Tower
10:08 Arcane Vault
10:39 Castle
11:08 Farm
11:09 Farm
11:11 Farm
11:13 Farm
12:03 Castle
12:41 Gryphon Aviary
12:46 Gryphon Aviary
15:07 Farm
15:08 Farm
15:09 Farm
15:10 Farm
15:12 Farm
15:32 Guard Tower
» items
| Circlet of Nobility | 1 | |
| Scroll of Regeneration | 1 | |
| Scroll of Town Portal | 1 | |
| Orb of Fire | 1 | |
| Ivory Tower | 1 | |
5 total
TearsOfAnguish (
blue | 33 APM | 779 actions | 23:22)
5 Demon Hunter
2 Immolation
3 Evasion
» actions
| Basic commands | 62 | |
| Build / train | 90 | |
| Enter build submenu | 21 | |
| Enter hero's abilities submenu | 5 | |
| Give item / drop item | 1 | |
| Remove unit from queue | 13 | |
| Right click | 239 | |
| Select / deselect | 271 | |
| Use ability | 77 | |
779 total
» units
| Wisp | 20 | |
| Archer | 9 | |
| Chimaera | 7 | |
| Hippogryph | 30 | |
66 total
» upgrades
| Corrosive Breath | 1 | |
| Improved Bows | 0 | |
1 total
» buildings
| Altar of Elders | 1 | |
| Moon Well | 9 | |
| Ancient of War | 1 | |
| Tree of Ages | 1 | |
| Tree of Life | 1 | |
| Tree of Eternity | 1 | |
| Ancient of Wind | 3 | |
| Hunter's Hall | 1 | |
| Chimaera Roost | 3 | |
| Ancient of Wonders | 1 | |
22 total
» build order
00:05 Altar of Elders
00:19 Moon Well
00:50 Ancient of War
01:26 Moon Well
02:49 Tree of Ages
03:48 Tree of Life
04:14 Moon Well
04:16 Moon Well
05:17 Tree of Eternity
05:19 Ancient of Wind
06:16 Hunter's Hall
07:43 Chimaera Roost
07:45 Chimaera Roost
07:47 Chimaera Roost
07:54 Moon Well
08:05 Moon Well
12:04 Ancient of Wonders
12:52 Moon Well
12:54 Moon Well
13:02 Moon Well
17:32 Ancient of Wind
17:34 Ancient of Wind
» items
| Orb of Venom | 1 | |
| Scroll of Town Portal | 2 | |
3 total
one-hero (
teal | 49 APM | 1351 actions | 27:42)
4 Blademaster
2 Wind Walk
2 Critical Strike
» actions
| Assign group hotkey | 11 | |
| Build / train | 72 | |
| Enter build submenu | 13 | |
| Enter hero's abilities submenu | 4 | |
| Give item / drop item | 2 | |
| Right click | 885 | |
| Select / deselect | 246 | |
| Select group hotkey | 39 | |
| Use ability | 79 | |
1351 total
» units
» upgrades
» buildings
| Altar of Storms | 1 | |
| Orc Burrow | 4 | |
| Voodoo Lounge | 1 | |
| Stronghold | 1 | |
| War Mill | 2 | |
| Watch Tower | 2 | |
| Fortress | 1 | |
| Beastiary | 3 | |
15 total
» build order
00:09 Altar of Storms
00:16 Orc Burrow
00:59 Voodoo Lounge
02:04 Orc Burrow
02:55 Stronghold
02:58 War Mill
03:00 Orc Burrow
03:07 Orc Burrow
03:11 War Mill
04:32 Watch Tower
04:34 Watch Tower
05:23 Fortress
07:52 Beastiary
07:56 Beastiary
08:00 Beastiary
» items
| Healing Salve | 3 | |
| Lesser Clarity Potion | 6 | |
| Circlet of Nobility | 1 | |
| Boots of Speed | 1 | |
| Potion of Mana | 4 | |
| Orb of Lightning | 1 | |
16 total
Chat log
(00:05 / All) one-hero: omg
(00:27 / All) one-hero: sup noobs
(00:32 / All) HydroBUDD: sup
(00:34 / All) sc2no.wc4yes: i jack every day 3 times
(00:42 / All) sc2no.wc4yes: jack off*
(00:52 / All) STFU.I.HATE.YOU: I have a gf and I still jack off
(00:54 / Allies) HydroBUDD: I want your cum
(00:57 / All) TearsOfAnguish: slacker
(01:03 / All) sc2no.wc4yes: u should make her jack u off
(01:09 / All) STFU.I.HATE.YOU: ah i only get to bang her on the weekends
(01:16 / All) sc2no.wc4yes: u should make her jack u off instead
(01:19 / All) sc2no.wc4yes: its just as good as sex
(01:19 / All) STFU.I.HATE.YOU: she lives 1 1/2 hrs away
(01:37 / All) one-hero: i'm pretty sure 3 times a day would not be too healthy
(01:40 / All) STFU.I.HATE.YOU: jacking of fis healhty
(01:55 / All) sc2no.wc4yes: if i had a girlfriend i would make her jack me off while i was asleep
(01:56 / Allies) HydroBUDD: thers days ive jacked off olike 20 times 30 times no joke
(02:08 / All) TearsOfAnguish: thats why u dont have a gf
(02:15 / All) sc2no.wc4yes: i had one once :[
(02:15 / All) spike_: lol
(02:17 / All) one-hero: pwned
(02:25 / All) sc2no.wc4yes: nah the main reason is
(02:27 / All) sc2no.wc4yes: i live with my parents
(02:28 / Allies) HydroBUDD: I dont have one because im a murderer and i rape
(02:31 / All) spike_: once
(03:22 / Allies) Xtian: ya
(04:43 / Allies) Xtian: orange
(04:45 / Allies) Xtian: ltes get
(06:22 / Allies) sc2no.wc4yes: tower up guys
(06:25 / Allies) sc2no.wc4yes: one-hero only gets blademaster
(06:27 / Allies) sc2no.wc4yes: ive played him before
(06:30 / Allies) sc2no.wc4yes: just get one arcane tower
(06:31 / Allies) sc2no.wc4yes: in ur base
(06:33 / Allies) sc2no.wc4yes: and ull be fine
(06:54 / Allies) Xtian: comin
(07:05 / All) one-hero: omg
(07:11 / All) GodMCMeJHova: ass
(07:41 / Allies) Xtian: cehjk
(08:15 / Allies) sc2no.wc4yes: KILL THAT
(08:29 / Allies) Xtian: out
(08:34 / Allies) sc2no.wc4yes: no
(08:34 / Allies) sc2no.wc4yes: stay
(08:43 / Allies) sc2no.wc4yes: kill archers
(09:26 / All) sc2no.wc4yes: you arent going one-hero thsi game are you
(09:30 / All) sc2no.wc4yes: you pulled that dumb bullshit as my ally
(09:33 / All) sc2no.wc4yes: and now ur gonna try for real
(09:34 / All) sc2no.wc4yes: As my enemy
(11:04 / Allies) sc2no.wc4yes: anyone have spare gold?
(11:48 / Allies) Xtian: got teal hero
(11:54 / All) GodMCMeJHova: ass
(12:11 / Allies) Xtian: anyone need gold?
(12:13 / Allies) HydroBUDD: yellow
(12:14 / Allies) HydroBUDD: yes
(12:23 / Allies) HydroBUDD: ty
(12:26 / Allies) Xtian: np
(12:28 / Allies) sc2no.wc4yes: tower your mains
(12:30 / Allies) sc2no.wc4yes: the orc went bats
(12:42 / Allies) sc2no.wc4yes: lol
(12:52 / Allies) sc2no.wc4yes: we lost
(13:08 / Allies) GodMCMeJHova: a little late maybe?
(13:13 / Allies) Xtian: angit
(13:35 / Allies) GodMCMeJHova: we have a guy with one hero and a guy with bats
(13:41 / Allies) GodMCMeJHova: y not attk?
(13:46 / Allies) sc2no.wc4yes: tahts the same guy
(13:46 / Allies) GodMCMeJHova: and NOT build air
(13:47 / Allies) sc2no.wc4yes: moron
(14:33 / Allies) HydroBUDD: counter
(14:34 / Allies) Xtian: with thing
(16:05 / All) GodMCMeJHova: as
(16:07 / All) GodMCMeJHova: ass
(16:36 / Allies) sc2no.wc4yes: get the main or the udnead
(16:40 / Allies) sc2no.wc4yes: not he fucking houses
(16:44 / Allies) sc2no.wc4yes: b
(16:46 / Allies) Xtian: nice
(16:59 / Allies) Xtian: comin
(17:46 / Allies) HydroBUDD: CAN I HAVE SOME MORE GOLD PLZ
(17:50 / Allies) HydroBUDD: sorry caps
(18:05 / Allies) sc2no.wc4yes: need to be altll togehter
(18:16 / Allies) Xtian: ya
(18:31 / Allies) sc2no.wc4yes: get the main
(18:31 / Allies) sc2no.wc4yes: fast
(19:52 / Allies) sc2no.wc4yes: all tp?
(20:03 / Allies) sc2no.wc4yes: we can take the undead
(20:04 / Allies) sc2no.wc4yes: ehre
(20:05 / Allies) sc2no.wc4yes: lets go
(20:14 / Allies) sc2no.wc4yes: GO
(20:34 / Allies) sc2no.wc4yes: that base is dead
(20:37 / Allies) sc2no.wc4yes: dontw aste time on it
(22:17 / Allies) sc2no.wc4yes: gold plz
(23:09 / All) STFU.I.HATE.YOU: gg newbs
(23:12 / All) sc2no.wc4yes: 1 hero my ass
(23:14 / All) sc2no.wc4yes: tryhard and lose
(23:16 / All) sc2no.wc4yes: suck my shit
(23:19 / All) TearsOfAnguish: gg
(23:27 / All) sc2no.wc4yes: the exits that way
(23:28 / All) sc2no.wc4yes: shitnoob
(23:39 / All) one-hero: fine afk
(23:41 / All) one-hero: have fun
(23:42 / All) sc2no.wc4yes: HAHA
(23:43 / All) sc2no.wc4yes: NERDRAGE
(24:12 / All) sc2no.wc4yes: tRY HARD AND LOSE
(24:14 / All) sc2no.wc4yes: MAKE UNITS AND LOSE
(24:16 / All) sc2no.wc4yes: NERD RAGE AND LOSE
(24:27 / All) sc2no.wc4yes: ANOTHER "GIMMICK ACCOUNT" DOWN
(24:33 / All) sc2no.wc4yes: HE BROKE HIS GIMMICK RULES
(24:35 / All) sc2no.wc4yes: AND STILL LOST
(24:42 / All) sc2no.wc4yes: LOST WITH BATS VS AIR
(24:52 / All) sc2no.wc4yes: AND HE AFKS FOR THE LAST 5% OF THE GAME
(24:53 / All) sc2no.wc4yes: TO
(24:56 / All) sc2no.wc4yes: "SHOW US WHOS BOSS"
(27:06 / Allies) sc2no.wc4yes: USE TPS
(27:08 / Allies) sc2no.wc4yes: TO GET THERE